 Dungeon Crawl Stone Soup version 0.19-a0-16-g2b77abf (webtiles) character file.

206 MrRokkomies the Bolt Thrower (level 6, 0/44 HPs)
             Began as a Human Wanderer on Apr 30, 2016.
             Slain by an adder (2 damage)
             ... on level 4 of the Dungeon.
             The game lasted 00:10:34 (2937 turns).

MrRokkomies the Bolt Thrower (Human Wanderer)       Turns: 2937, Time: 00:10:35

Health: 0/44       AC:  3    Str: 13    XL:     6   Next: 10%
Magic:  6/6        EV: 13    Int: 11    God:
Gold:   98         SH:  0    Dex: 17    Spells: 0 memorised, 5 levels left

rFire  . . .     SeeInvis .     a - +2 falchion
rCold  . . .     Gourm    .     e - +0 robe
rNeg   . . .     Faith    .     (no shield)
rPois  .         Spirit   .     (helmet restricted)
rElec  .         Dismiss  .     (no cloak)
rCorr  .         Reflect  .     (no gloves)
SustAt .         Harm     .     (no boots)
MR     .....                    (no amulet)
Stlth  ++........               (no ring)
                                s - +2 ring of dexterity

@: lethally poisoned (0 -> -7), not resistant to hostile enchantments,
unstealthy
A: horns 1, rugged brown scales 1, sense surroundings 1
a: no special abilities


You were on level 4 of the Dungeon.
You were not hungry.

You visited 1 branch of the dungeon, and saw 4 of its levels.

You collected 98 gold pieces.

Inventory:

Hand Weapons
 a - a +2 falchion (weapon)
 b - a +1 hand crossbow
Missiles
 c - 9 bolts
Armour
 e - a +0 robe (worn)
 t - a +0 chain mail
Jewellery
 s - a +2 ring of dexterity (left hand)
Wands
 p - a wand of iceblast (6/15)
 r - a wand of flame (33/48)
Scrolls
 d - a scroll of noise
 j - a scroll of enchant weapon
 l - 3 scrolls of teleportation
 n - a scroll of enchant armour {unknown}
 v - a scroll of remove curse {unknown}
 w - a scroll of magic mapping {unknown}
Potions
 i - a potion of cancellation {unknown}
 m - a potion of lignification {unknown}
 o - a potion of brilliance {unknown}
 q - a potion of might {unknown}
 u - a potion of heal wounds {unknown}
Comestibles
 g - 3 bread rations
 h - a meat ration


   Skills:
 - Level 1.0 Fighting
 * Level 3.8 Long Blades
   Level 1.0 Axes
 * Level 3.8 Crossbows
 - Level 1.0 Armour
 - Level 2.0 Dodging
 - Level 3.0 Stealth
   Level 1.0 Shields


You had 5 spell levels left.
You didn't know any spells.

Dungeon Overview and Level Annotations

Branches:
Dungeon (4/15)
 Temple: D:4-7

Altars:

Annotations:
D:3 subsebi's ghost, amateur DsCK


Innate Abilities, Weirdness & Mutations

You have a pair of small horns on your head.
You are partially covered in rugged brown scales (AC +1, +3% HP).
You passively map a small area around you.


Message History

* * * LOW HITPOINT WARNING * * *
You feel sick.
A bat comes into view.
* * * LOW HITPOINT WARNING * * *
You feel sick.
The bat moves out of view.
The adder misses you.
There is a stone staircase leading down here.
* * * LOW HITPOINT WARNING * * *
You feel sick. Subsebi's ghost barely misses you. The adder bites you.
* * * LOW HITPOINT WARNING * * *
You climb downwards.
* * * LOW HITPOINT WARNING * * *
You feel sick.
There is a stone staircase leading up here.
Drink which item? (? for menu, Esc to quit)
It was a potion of mutation.
You feel extremely strange.
Rugged brown scales grow over part of your body.
You feel a strange attunement to the structure of the dungeons.
A pair of horns grows on your head! The adder bites you.
You die...

* * *
#### * ,
, *...#
* , ,
*...# ,
...# *
...####
, ,
,.......
, ,
##...# ,
#@...+ ,
##S..#
...#, ,
*##.# ,
, *.# ,
#, * * ,
* , , *
, , **


You could see an adder.

Vanquished Creatures
  A crimson imp (D:2)
  An orc priest (D:3)
  6 adders
  4 worms
  2 dart slugs
  A giant gecko (D:2)
  10 orcs (D:3)
  6 bats
  4 giant cockroaches
  6 goblins
  7 hobgoblins
  2 jackals (D:3)
  A quokka (D:2)
  2 giant newts
  7 kobolds
  2 rats (D:1)
62 creatures vanquished.

Notes
Turn   | Place    | Note
--------------------------------------------------------------
     0 | D:1      | MrRokkomies the Human Wanderer began the quest for the Orb.
     0 | D:1      | MrRokkomies set off with: a +2 falchion, a +0 hand crossbow, 20 bolts, a +0 hand axe, a +0 robe, a +0 dagger, a bread ration
     0 | D:1      | Reached XP level 1. HP: 15/15 MP: 1/1
   221 | D:1      | Reached skill level 1 in Crossbows
   221 | D:1      | Reached XP level 2. HP: 21/21 MP: 2/2
   657 | D:2      | Reached XP level 3. HP: 26/26 MP: 3/3
  1279 | D:2      | Reached XP level 4. HP: 29/32 MP: 4/4
  1697 | D:2      | Reached XP level 5. HP: 29/37 MP: 5/5
  2603 | D:3      | Noticed subsebi's ghost (amateur DsCK)
  2876 | D:3      | Reached XP level 6. HP: 31/43 MP: 6/6
  2935 | D:3      | HP: 2/43 [adder (3)]
  2937 | D:4      | Gained mutation: You are partially covered in rugged brown scales (AC +1, +3% HP). [potion of mutation]
  2937 | D:4      | Gained mutation: You passively map a small area around you. [potion of mutation]
  2937 | D:4      | Gained mutation: You have a pair of small horns on your head. [potion of mutation]
  2937 | D:4      | Slain by an adder

Vault maps used:
D:1:      co_arrival_two_rings, hangedman_decor_lopped
D:2:      first_bread
D:3:      mrwooster_statue_mirror
D:4:      kiku_gazebo_pond_becter, kennysheep_little_box, led_xom_imps

Skill      XL: |  1  2  3  4 |
---------------+-------------+-----
Crossbows      | 1 2 3 |  3.8
Long Blades    | 2 3 |  3.8
Fighting       | |  1.0
Axes           | |  1.0
Armour         | |  1.0
Dodging        | |  2.0
Stealth        | |  3.0
Shields        | |  1.0

Action                   |  1- 3 |  4- 6 || total
-------------------------+-------+-------++-------
Melee: Falchion          |    56 |    93 ||   149
 Fire: Hand crossbow     |    17 |    37 ||    54
Evoke: Wand              |       |     1 ||     1
  Use: Scroll            |       |     6 ||     6
       Potion            |       |     4 ||     4
 Stab: Sleeping          |     2 |     2 ||     4
  Eat: Chunk             |     1 |     5 ||     6
Armor: Robe              |     7 |    20 ||    27
Dodge: Dodged            |    36 |    71 ||   107
